 Dungeon Crawl Stone Soup version 0.19-a0-1050-g8e71ee3 (webtiles) character file.

53 CyK the Insei (level 3, -1/23 HPs)
             Began as an Octopode Transmuter on Apr 19, 2016.
             Slain by Natasha (9 damage)
             ... on level 2 of the Dungeon on Sept 1, 2020.
             The game lasted 00:03:03 (1645 turns).

CyK the Insei (Octopode Transmuter)                 Turns: 1645, Time: 00:03:05

Health: -1/23      AC:  1    Str:  9    XL:     3   Next: 87%
Magic:  6/6        EV: 10    Int: 16    God:
Gold:   59         SH:  0    Dex: 12    Spells: 2 memorised, 4 levels left

rFire  . . .     SeeInvis .       - Unarmed
rCold  . . .     Gourm    .     (no shield)
rNeg   . . .     Faith    .     (helmet restricted)
rPois  .         Spirit   .     (no amulet)
rElec  .         Dismiss  .     j - ring of teleportation (curse)
rCorr  .         Reflect  .     (no ring)
SustAt .         Harm     .     (no ring)
MR     .....     Rnd*Tele +     (no ring)
Stlth  ++........               (no ring)
                                (no ring)
                                (no ring)
                                (no ring)

@: slowed, constricted, very slow, not resistant to hostile enchantments,
unstealthy
A: almost no armour, amphibious, 8 rings, constrict 8, camouflage 1, gelatinous
body 1
a: no special abilities


You were on level 2 of the Dungeon.
You were not hungry.

You visited 1 branch of the dungeon, and saw 2 of its levels.

You collected 59 gold pieces.

Inventory:

Missiles
 a - 34 arrows
Jewellery
 j - a cursed ring of teleportation (left tentacle)
Scrolls
 e - a scroll of identify {unknown}
 k - a scroll of immolation {unknown}
 n - a scroll of random uselessness {unknown}
Potions
 d - a potion of agility {unknown}
 g - a potion of degeneration {unknown}
 h - a potion of lignification {unknown}
 i - a potion of magic {unknown}
 l - a potion of invisibility {unknown}
Books
 b - a book of Changes

   Spells                             Type                      Level
   a - Beastly Appendage              Transmutation                1
   b - Sticks to Snakes               Transmutation                2
   c - Spider Form                    Transmutation/Poison         3
   d - Ice Form                       Ice/Transmutation            4
   e - Blade Hands                    Transmutation                5
Comestibles
 c - a bread ration
 f - 2 slices of pizza
 m - 4 chunks of flesh


   Skills:
 + Level 1.3 Fighting
 + Level 2.2 Dodging
 * Level 3.7 Unarmed Combat
 + Level 2.5 Spellcasting
 + Level 2.3 Transmutations


You had 4 spell levels left.
You knew the following spells:

 Your Spells              Type           Power        Failure   Level  Hunger
a - Beastly Appendage     Tmut           #.....       10%         1    #......
b - Sticks to Snakes      Tmut           #.......     14%         2    ##.....


Dungeon Overview and Level Annotations

Branches:
Dungeon (2/15)

Altars:

Annotations:
D:2 Natasha


Innate Abilities, Weirdness & Mutations

You cannot wear most types of armour.
You are amphibious.
You can wear up to eight rings at the same time.
You can use your tentacles to constrict eight enemies at once.
Your skin changes colour to match your surroundings (Stealth+).
Your rubbery body absorbs attacks. (AC +1, EV +1)


Message History

Found a scroll labeled RENEJO SORAI.
Natasha hisses angrily.
Natasha mumbles some strange words.
Natasha shimmers violently.
A ball python comes into view.
Natasha casts a spell at you.
You feel yourself slow down.
The ball python hisses angrily.
You barely miss Natasha. Your grab misses Natasha. Natasha barely misses you.
You barely miss Natasha. Your grab misses Natasha. The ball python bites you.
The ball python closely misses you. Natasha claws you!
The ball python bites you but does no damage.
The ball python grabs you. The ball python constricts you.
You tentacle-slap Natasha. You grab Natasha.
Natasha is lightly wounded.
You constrict Natasha.
Natasha stares at you and mumbles some strange words.
The magic dart hits you! The ball python completely misses you.
The ball python constricts you. Natasha claws you!
You die...

..♣#♣.♣#♣.....#.....###.
.................###...
♣.♣.♣.♣..........##.##
###..............÷<.....
#.......#....####.......
..##....#....## #.......
#....#...............
#.........####......)
#...@.....# #.......
##.Sh.....# #.......
#..........# ##......
....#........# #......
..###....##### . .....#
##....# #....#


You could see Natasha and a ball python.

Vanquished Creatures
  An adder (D:2)
  A worm (D:2)
  2 dart slugs (D:1)
  2 giant geckos (D:1)
  8 goblins
  6 hobgoblins
  2 jackals (D:2)
  A kobold (D:2)
  6 bats
  5 rats (D:1)
34 creatures vanquished.

Notes
Turn   | Place    | Note
-------+----------+-------------------------------------------
     0 | D:1      | CyK the Octopode Transmuter began the quest for the Orb.
     0 | D:1      | Reached XP level 1. HP: 13/13 MP: 3/3
   153 | D:1      | Reached XP level 2. HP: 12/18 MP: 5/5
   487 | D:1      | Reached XP level 3. HP: 12/23 MP: 6/6
   749 | D:1      | Upgraded the game from 0.18-a0-1784-ga939a68 to 0.19-a0-1050-g8e71ee3
  1625 | D:2      | Learned a level 2 spell: Sticks to Snakes
  1639 | D:2      | Noticed Natasha
  1645 | D:2      | Slain by Natasha

Vault maps used:
D:1:      dpeg_arrival_round_a, columned_hall_lemuel
D:2:      old_standard_altar, serial_forest, infiniplex_forest_lined_2,
          infiniplex_forest_corner_1, infiniplex_forest_3_way,
          infiniplex_forest_straight_2, infiniplex_forest_straight_3,
          kennysheep_another_room, uniq_natasha

Action                   || total
-------------------------++-------
Melee: Unarmed           ||    76
       Constrict         ||    17
       Tentacles         ||     9
       Kick              ||     4
 Cast: Beastly Appendage ||     5
 Stab: Sleeping          ||     8
  Eat: Chunk             ||     2
Armor: Skin              ||     9
Dodge: Dodged            ||    39
